[ AOE2 MATCH · #513631393 ]
UnrankedGoths vs Celts
Player's team · WIN
Rival team · LOSS
[ REPLAY ANALYSIS · EXTRACTED FROM THE RECORDED GAME ]
Feudal
12:51
Castle
17:37
Imperial
—
| APM avg | 57.2 |
| APM peak | 94 |
| eAPM avg | 31.6 |
| Villagers / military | 40 / 13 |
Focus
⚔️ 58.0% · 🌾 42.0%
Huskarl ×10 · Militia ×3
Feudal
10:07
Castle
—
Imperial
—
| APM avg | 90.9 |
| APM peak | 168 |
| eAPM avg | 51.5 |
| Villagers / military | 58 / 25 |
Focus
⚔️ 68.8% · 🌾 31.2%
Archer ×13 · Militia ×12
Match map
Initial resources + every placement click. Lines = walls · curves = elevation contours. ◆ gold · ⬟ stone · ● berries · ✦ relic · ◌ wall gap
Your base· Open — 4t gap
Shulk's base· Open — unwalled flank
Smoothed initial terrain · ◌ = detected wall gap · hover for details
Inputs per minute
— DzeDanik - - Shulk
Build order — DzeDanik
100 actions detected in the replay
| 0:00 | Queue | Villager (Male) ×4 |
| 0:02 | Build | House |
| 0:03 | Build | House |
| 0:28 | Research | Loom |
| 0:30 | Queue | Villager (Male) |
| 0:45 | Queue | Villager (Male) |
| 1:37 | Queue | Villager (Male) |
| 2:03 | Queue | Villager (Male) |
| 2:22 | Build | Lumber Camp |
| 2:27 | Queue | Villager (Male) |
| 2:49 | Queue | Villager (Male) |
| 3:10 | Queue | Villager (Male) |
| 3:50 | Queue | Villager (Male) ×2 |
| 3:52 | Build | House |
| 4:16 | Queue | Villager (Male) |
| 4:36 | Queue | Villager (Male) |
| 5:16 | Build | Palisade Wall |
| 5:23 | Queue | Villager (Male) ×3 |
| 5:35 | Queue | Villager (Male) |
| 6:05 | Build | Mill |
| 6:24 | Build | House |
| 6:34 | Build | Barracks |
| 6:36 | Queue | Villager (Male) |
| 7:08 | Queue | Militia |
| 7:08 | Queue | Militia |
| 7:25 | Build | Mining Camp |
| 7:30 | Queue | Villager (Male) |
| 7:59 | Queue | Villager (Male) |
| 7:59 | Queue | Villager (Male) |
| 8:00 | Queue | Villager (Male) |
| 8:17 | Queue | Villager (Male) |
| 8:40 | Build | House |
| 8:41 | Queue | Militia |
| 9:06 | Queue | Villager (Male) |
| 9:24 | Queue | Villager (Male) |
| 9:29 | Build | Mill |
| 9:53 | Build | Farm |
| 9:54 | Build | Farm |
| 10:31 | Build | Farm |
| 10:33 | Build | Farm |
| 10:37 | Research | Feudal Age |
| 10:45 | Build | Palisade Wall |
| 10:52 | Build | Palisade Wall |
| 10:59 | Build | Palisade Wall |
| 11:17 | Build | Palisade Wall |
| 11:54 | Build | House |
| 12:01 | Build | House |
| 12:04 | Build | Farm |
| 12:09 | Queue | Villager (Male) |
| 12:51 | Age | Feudal Age |
| 12:53 | Build | Market |
| 13:11 | Queue | Villager (Male) |
| 13:21 | Build | Palisade Wall |
| 13:24 | Build | Palisade Wall |
| 13:27 | Build | Palisade Wall |
| 13:32 | Build | Blacksmith |
| 13:48 | Queue | Villager (Male) |
| 13:52 | Build | Farm |
| 14:57 | Research | Castle Age |
| 15:03 | Build | Palisade Wall |
| 15:09 | Build | House |
| 15:23 | Build | Mining Camp |
| 15:34 | Research | Double-Bit Axe |
| 15:35 | Research | Double-Bit Axe |
| 15:57 | Build | House |
| 16:24 | Build | House |
| 17:07 | Queue | Villager (Male) |
| 17:37 | Age | Castle Age |
| 17:39 | Build | Lumber Camp |
| 17:41 | Build | House |
| 17:43 | Build | Palisade Wall |
| 17:44 | Queue | Villager (Male) |
| 17:57 | Build | Castle |
| 18:11 | Queue | Villager (Male) |
| 18:51 | Queue | Huskarl |
| 18:51 | Queue | Huskarl |
| 18:56 | Queue | Villager (Male) |
| 19:17 | Queue | Huskarl |
| 19:34 | Build | Farm |
| 19:37 | Queue | Villager (Male) |
| 19:50 | Queue | Huskarl |
| 20:00 | Queue | Villager (Male) |
| 20:08 | Build | Farm |
| 20:10 | Build | Farm |
| 20:34 | Queue | Huskarl |
| 20:37 | Build | Farm |
| 20:53 | Queue | Huskarl |
| 21:02 | Research | Squires |
| 21:06 | Build | Farm |
| 21:09 | Queue | Huskarl |
| 21:09 | Queue | Huskarl |
| 21:20 | Build | Farm |
| 21:20 | Build | Farm |
| 21:20 | Build | Farm |
| 21:20 | Build | Farm |
| 21:21 | Build | Farm |
| 21:39 | Queue | Villager (Male) ×3 |
| 21:41 | Queue | Huskarl |
| 21:50 | Queue | Huskarl |
| 22:13 | Queue | Villager (Male) |
Build order — Shulk
First 150 of 185 actions detected
| 0:00 | Queue | Villager (Male) |
| 0:00 | Queue | Villager (Male) |
| 0:01 | Build | House |
| 0:04 | Build | House |
| 0:05 | Queue | Villager (Male) |
| 0:08 | Queue | Villager (Male) |
| 1:35 | Queue | Villager (Male) |
| 1:59 | Queue | Villager (Male) |
| 2:01 | Build | Mill |
| 2:02 | Queue | Villager (Male) |
| 2:23 | Queue | Villager (Male) |
| 2:40 | Research | Loom |
| 2:43 | Queue | Villager (Male) |
| 2:53 | Queue | Villager (Male) |
| 3:48 | Queue | Villager (Male) |
| 3:51 | Queue | Villager (Male) |
| 3:56 | Build | House |
| 4:08 | Queue | Villager (Male) |
| 4:11 | Queue | Villager (Male) |
| 4:19 | Build | Palisade Wall |
| 4:20 | Build | Palisade Wall |
| 4:20 | Build | Palisade Wall |
| 4:21 | Build | Palisade Wall |
| 4:21 | Build | Palisade Wall |
| 4:21 | Build | Palisade Wall |
| 4:22 | Build | Palisade Wall |
| 4:23 | Build | Palisade Wall |
| 4:24 | Build | Palisade Wall |
| 4:24 | Build | Palisade Wall |
| 4:30 | Queue | Villager (Male) |
| 4:31 | Queue | Villager (Male) |
| 5:10 | Queue | Villager (Male) |
| 5:35 | Queue | Villager (Male) |
| 5:37 | Build | Mill |
| 5:38 | Queue | Villager (Male) |
| 5:49 | Build | House |
| 5:51 | Queue | Villager (Male) |
| 5:53 | Build | Palisade Wall |
| 6:21 | Queue | Villager (Male) |
| 7:14 | Build | Lumber Camp |
| 7:57 | Research | Feudal Age |
| 7:57 | Research | Feudal Age |
| 8:49 | Build | Mining Camp |
| 8:51 | Build | Palisade Wall |
| 8:51 | Build | Palisade Wall |
| 8:56 | Build | Palisade Wall |
| 9:41 | Build | Barracks |
| 9:48 | Build | Palisade Wall |
| 9:50 | Build | Palisade Wall |
| 9:52 | Build | House |
| 9:53 | Queue | Villager (Male) |
| 9:59 | Queue | Villager (Male) |
| 10:03 | Queue | Villager (Male) |
| 10:07 | Age | Feudal Age |
| 10:09 | Build | Palisade Wall |
| 10:09 | Queue | Villager (Male) |
| 10:20 | Queue | Villager (Male) |
| 10:30 | Build | Archery Range |
| 10:34 | Build | Archery Range |
| 10:36 | Queue | Villager (Male) |
| 10:43 | Build | House |
| 10:56 | Build | House |
| 11:16 | Queue | Archer |
| 11:17 | Queue | Archer |
| 11:22 | Build | Farm |
| 11:28 | Build | Farm |
| 11:51 | Queue | Archer |
| 12:01 | Queue | Archer |
| 12:04 | Queue | Villager (Male) |
| 12:09 | Build | Watch Tower |
| 12:14 | Queue | Archer |
| 12:28 | Queue | Archer |
| 12:29 | Queue | Villager (Male) |
| 12:34 | Build | Farm |
| 12:34 | Build | Farm |
| 12:39 | Build | Farm |
| 12:54 | Queue | Archer |
| 12:57 | Queue | Villager (Male) |
| 12:58 | Build | Palisade Wall |
| 12:59 | Build | Palisade Wall |
| 13:15 | Queue | Archer |
| 13:28 | Build | Mining Camp |
| 13:35 | Queue | Archer |
| 13:36 | Queue | Villager (Male) |
| 13:37 | Build | Farm |
| 13:44 | Queue | Villager (Male) |
| 13:51 | Build | Outpost |
| 14:03 | Queue | Villager (Male) |
| 14:07 | Build | Farm |
| 14:19 | Queue | Archer |
| 14:23 | Build | Farm |
| 14:27 | Build | Blacksmith |
| 14:28 | Queue | Villager (Male) |
| 14:34 | Build | Blacksmith |
| 14:35 | Research | Town Watch |
| 14:38 | Queue | Villager (Male) |
| 14:40 | Queue | Archer |
| 14:51 | Build | House |
| 15:01 | Queue | Villager (Male) |
| 15:07 | Build | Palisade Wall |
| 15:07 | Build | Palisade Wall |
| 15:08 | Build | Palisade Wall |
| 15:09 | Build | Palisade Wall |
| 15:13 | Queue | Villager (Male) |
| 15:18 | Research | Fletching |
| 15:25 | Build | Farm |
| 15:28 | Build | House |
| 15:30 | Queue | Villager (Male) |
| 15:49 | Queue | Villager (Male) |
| 16:01 | Build | House |
| 16:02 | Build | House |
| 16:03 | Build | Palisade Wall |
| 16:05 | Build | House |
| 16:09 | Queue | Villager (Male) |
| 16:20 | Build | Palisade Wall |
| 16:21 | Build | Palisade Wall |
| 16:25 | Build | Palisade Wall |
| 16:25 | Queue | Villager (Male) |
| 16:32 | Build | House |
| 16:34 | Queue | Villager (Male) |
| 16:42 | Build | Watch Tower |
| 16:42 | Queue | Villager (Male) |
| 16:43 | Queue | Archer |
| 16:45 | Queue | Archer |
| 16:48 | Build | Farm |
| 16:50 | Build | Farm |
| 16:57 | Queue | Villager (Male) |
| 17:01 | Build | Palisade Wall |
| 17:16 | Build | Farm |
| 17:17 | Queue | Villager (Male) |
| 17:28 | Queue | Villager (Male) |
| 17:52 | Build | Lumber Camp |
| 17:54 | Queue | Villager (Male) |
| 18:18 | Queue | Villager (Male) |
| 18:22 | Research | Man-at-Arms (upgrade) |
| 18:23 | Research | Scale Mail Armor |
| 18:27 | Queue | Villager (Male) |
| 18:32 | Queue | Villager (Male) |
| 18:38 | Build | Barracks |
| 18:40 | Queue | Villager (Male) |
| 18:43 | Build | Palisade Wall |
| 18:43 | Build | Palisade Wall |
| 18:44 | Build | Palisade Wall |
| 19:00 | Queue | Militia |
| 19:02 | Queue | Militia |
| 19:02 | Queue | Villager (Male) |
| 19:06 | Build | Palisade Wall |
| 19:08 | Research | Double-Bit Axe |
| 19:21 | Build | Lumber Camp |
| 19:23 | Queue | Militia |
Match timeline
| 4:19 | Shulk · wall_segment Palisade Wall x1 |
| 4:20 | Shulk · wall_segment Palisade Wall x1 |
| 4:20 | Shulk · wall_segment Palisade Wall x1 |
| 4:21 | Shulk · wall_segment Palisade Wall x1 |
| 4:21 | Shulk · wall_segment Palisade Wall x1 |
| 4:21 | Shulk · wall_segment Palisade Wall x2 |
| 4:22 | Shulk · wall_segment Palisade Wall x1 |
| 4:23 | Shulk · wall_segment Palisade Wall x1 |
| 4:24 | Shulk · wall_segment Palisade Wall x1 |
| 4:24 | Shulk · wall_segment Palisade Wall x1 |
| 5:16 | DzeDanik · wall_segment Palisade Wall x1 |
| 5:53 | Shulk · wall_segment Palisade Wall x1 |
| 6:34 | DzeDanik · first_building Barracks |
| 8:51 | Shulk · wall_segment Palisade Wall x1 |
| 8:51 | Shulk · wall_segment Palisade Wall x1 |
| 8:56 | Shulk · wall_segment Palisade Wall x1 |
| 9:41 | Shulk · first_building Barracks |
| 9:48 | Shulk · wall_segment Palisade Wall x1 |
| 9:50 | Shulk · wall_segment Palisade Wall x1 |
| 10:07 | Shulk · age_up feudal |
| 10:09 | Shulk · wall_segment Palisade Wall x1 |
| 10:30 | Shulk · first_building Archery Range |
| 10:45 | DzeDanik · wall_segment Palisade Wall x8 |
| 10:52 | DzeDanik · wall_segment Palisade Wall x9 |
| 10:59 | DzeDanik · wall_segment Palisade Wall x5 |
| 11:17 | DzeDanik · wall_segment Palisade Wall x5 |
| 12:51 | DzeDanik · age_up feudal |
| 12:58 | Shulk · wall_segment Palisade Wall x1 |
| 12:59 | Shulk · wall_segment Palisade Wall x1 |
| 13:21 | DzeDanik · wall_segment Palisade Wall x1 |
| 13:24 | DzeDanik · wall_segment Palisade Wall x7 |
| 13:27 | DzeDanik · wall_segment Palisade Wall x3 |
| 13:44 | DzeDanik · first_market_sell 500 stone |
| 13:44 | DzeDanik · first_market_buy 100 food |
| 15:03 | DzeDanik · wall_segment Palisade Wall x1 |
| 15:07 | Shulk · wall_segment Palisade Wall x1 |
| 15:07 | Shulk · wall_segment Palisade Wall x1 |
| 15:08 | Shulk · wall_segment Palisade Wall x2 |
| 15:09 | Shulk · wall_segment Palisade Wall x1 |
| 16:03 | Shulk · wall_segment Palisade Wall x1 |
| 16:20 | Shulk · wall_segment Palisade Wall x1 |
| 16:21 | Shulk · wall_segment Palisade Wall x1 |
| 16:25 | Shulk · wall_segment Palisade Wall x1 |
| 17:01 | Shulk · wall_segment Palisade Wall x1 |
| 17:37 | DzeDanik · age_up castle |
| 17:43 | DzeDanik · wall_segment Palisade Wall x2 |
| 17:57 | DzeDanik · first_building Castle |
| 18:43 | Shulk · wall_segment Palisade Wall x1 |
| 18:43 | Shulk · wall_segment Palisade Wall x1 |
| 18:44 | Shulk · wall_segment Palisade Wall x1 |
| 19:06 | Shulk · wall_segment Palisade Wall x1 |
| 20:22 | Shulk · wall_segment Palisade Wall x1 |
| 20:39 | Shulk · wall_segment Palisade Wall x1 |
| 21:33 | Shulk · wall_segment Palisade Wall x1 |
| 21:34 | Shulk · wall_segment Palisade Wall x1 |
| 22:22 | Shulk · resign |
[ AI ANALYSIS · 1 CREDIT ]
What really happened in this match?
Wolo.gg analyzes every decision: build order, eco, micro, common mistakes by bracket. Personalized analysis on WhatsApp or Discord in 30 seconds.
Civ guide
Goths
Perfil
Jugador #3867568